 Seeded DCSS version 0.28.0-62-gf88900778d (webtiles) character file.

Game seed: 11602572740697658130 (custom seed)

242 cbfl8 the Skirmisher (level 5, 0/42 HPs)
             Began as a Demonspawn Fighter on July 1, 2023.
             Was a Follower of Okawaru.
             Succumbed to a scorpion's poison
             ... on level 4 of the Dungeon.
             The game lasted 00:03:13 (3163 turns).

cbfl8 the Skirmisher (Demonspawn Fighter)           Turns: 3163, Time: 00:03:14

Health: 0/42       AC: 11    Str: 16    XL:     5   Next: 82%
Magic:  3/5        EV:  9    Int: 10    God:    Okawaru [*.....]
Gold:   219        SH:  7    Dex: 20    Spells: 4/4 levels left

rFire   + . .      SeeInvis .   a - +0 war axe
rCold   . . .      Faith    .   c - +0 buckler
rNeg    . . .      Spirit   .   g - +0 chain mail
rPois   .          Reflect  .   e - +1 hat
rElec   .          Harm     .   (no cloak)
rCorr   .          Rampage  .   (no gloves)
Will    .....                   (no boots)
Stlth   ..........              (no amulet)
HPRegen 0.14/turn               i - ring of protection from fire
MPRegen 0.09/turn               b - +6 ring of dexterity

@: mighty, lethally poisoned (0 -> -1), heroic
A: antennae 1, powered by death 2
a: Renounce Religion, Heroism


You were on level 4 of the Dungeon.
You worshipped Okawaru.
Okawaru was aware of your devotion.
You visited 1 branch of the dungeon, and saw 4 of its levels.

You collected 219 gold pieces.

Inventory:

Hand Weapons
 a - a +0 war axe (weapon)
Missiles
 h - 2 curare-tipped darts (quivered)
Armour
 c - a +0 buckler (worn)
 e - a +1 hat (worn)
 g - a +0 chain mail (worn)
Jewellery
 b - a +6 ring of dexterity (right hand)
 i - a ring of protection from fire (left hand)
Scrolls
 f - a scroll of silence {unknown}


   Skills:
 + Level 3.9(8.9) Fighting
 + Level 3.4(8.4) Axes
 + Level 3.1(8.1) Armour
 + Level 0.2(5.2) Dodging
 + Level 3.2(8.2) Shields
 * Level 2.7 Evocations


You had 4 spell levels left.
You didn't know any spells.
Your spell library contained the following spells:

 Spells                   Type           Power      Damage    Failure   Level
 Passage of Golubria      Tloc           0%         N/A       100%        4
 Yara's Violent Unravell  Hex/Tmut       0%         3d3       100%        5
 Tukima's Dance           Hex            Unusable   N/A       N/A         3

Dungeon Overview and Level Annotations

Branches:
Dungeon (4/15)
 Temple: D:4-7

Altars:
Hepliaklqana
Kikubaaqudgha
Okawaru

Shops:
D:3 (


Innate Abilities, Weirdness & Mutations

You have a pair of small antennae on your head.
You regenerate health from kills.


Message History

You feel very sick. The scorpion stings you.
You are lethally poisoned!
The scorpion poisons you!
You closely miss the scorpion.
The scorpion is severely wounded.
* * * LOW HITPOINT WARNING * * *
You feel very sick. The scorpion barely misses you. x2
You barely miss the scorpion.
The scorpion is severely wounded.
* * * LOW HITPOINT WARNING * * *
You feel very sick.
The scorpion stings you but does no damage.
The scorpion barely misses you.
You hit the scorpion but do no damage.
The scorpion is severely wounded.
* * * LOW HITPOINT WARNING * * *
You feel very sick. You block the scorpion's attack.
You slash the scorpion!
You kill the scorpion!
Okawaru accepts your kill.
You can now gain great but temporary skills.
* * * LOW HITPOINT WARNING * * *
You feel sick.
You aren't carrying any potions.
You gain the combat prowess of a mighty hero.
* * * LOW HITPOINT WARNING * * *
You feel sick.
There is a lethal amount of poison in your body!
There is a lethal amount of poison in your body!
* * * LOW HITPOINT WARNING * * *
You feel sick.
Found 14 gold pieces.
* * * LOW HITPOINT WARNING * * *
You feel sick.
* * * LOW HITPOINT WARNING * * *
You feel sick.
You die...

########.§.......≈.##.
#.....†..§.♣.♣♣♣.§.##.
#..........♣...♣.≈.###
#........§§♣._.♣.§.#
...........§.♣...♣.≈.###
######.###.≈§♣♣♣.♣.§§...
#.# #.§...(...§§...
#####+###.≈§§≈≈≈≈≈≈§...
#.?..$@.............§..
#.........#...##.......
#$........#....$.......
#.........#............
#.........#............
#......$.##......######
########## ....


There were no monsters in sight!

Vanquished Creatures
  2 scorpions (D:4)
  An orc priest (D:3)
  An orc wizard (D:3)
  2 adders
  A dart slug (D:1)
  4 orcs
  5 bats
  7 endoplasms
  2 giant cockroaches
  3 goblins
  A hobgoblin (D:1)
  8 jackals
  6 kobolds
  A quokka (D:4)
  4 frilled lizards
  2 rats (D:1)
50 creatures vanquished.

Notes
Turn   | Place    | Note
-------+----------+-------------------------------------------
     0 | D:1      | cbfl8 the Demonspawn Fighter began the quest for the Orb.
     0 | D:1      | Reached XP level 1. HP: 18/18 MP: 1/1
   200 | D:1      | Gained mutation: You have a pair of small antennae on your
                  | head. [demonic ancestry]
   200 | D:1      | Reached XP level 2. HP: 19/24 MP: 2/2
   298 | D:1      | Found a faded altar of an unknown god.
   790 | D:2      | Found an iron altar of Okawaru.
   799 | D:2      | Became a worshipper of Warmaster Okawaru
   831 | D:1      | Gained mutation: You regenerate a little health from kills.
                  | [demonic ancestry]
   831 | D:1      | Reached XP level 3. HP: 29/29 MP: 3/3
  1027 | D:2      | Reached skill level 1 in Evocations
  1472 | D:3      | Found Vamaunk's Antique Weapon Shop.
  1956 | D:3      | Reached XP level 4. HP: 32/37 MP: 4/4
  2158 | D:3      | Found an ancient bone altar of Kikubaaqudgha.
  2343 | D:3      | You fall into a shaft and drop 1 floor!
  2391 | D:4      | Noticed a scorpion
  2402 | D:4      | Killed a scorpion
  2403 | D:4      | Gained mutation: You regenerate health from kills. [demonic
                  | ancestry]
  2403 | D:4      | Reached XP level 5. HP: 6/42 MP: 5/5
  2972 | D:4      | Found a hazy altar of Hepliaklqana.
  3158 | D:4      | Reached * piety under Okawaru
  3160 | D:4      | HP: 2/42 [poisoned by a scorpion]
  3163 | D:4      | Succumbed to a scorpion's poison

Illustrated notes

Levels and vault maps discovered:
D:1:      nicolae_arrival_memento_mori, layout_rooms, basic_ecumenical_altar
D:2:      layout_loops_ring, basic_altar
D:3:      layout_basic, amcnicky_altar_gilded, serial_shops,
          nicolae_shop_waterfront
D:4:      layout_basic, mainiacjoe_overflow_brackets,
          minmay_temple_entry_offerings, palyth_stone_intersect, minmay_cut_off

Skill      XL: |  1  2  3  4 |
---------------+-------------+-----
Axes           | 2 3 |  3.4
Evocations     | 1 2 |  2.7
Shields        | 3 |  3.2
Armour         | 3 |  3.1
Fighting       | |  3.9
Dodging        | |  0.2

Action                   |  1- 3 |  4- 6 || total
-------------------------+-------+-------++-------
Melee: War axe           |    83 |    48 ||   131
Invok: Heroism           |       |     1 ||     1
  Use: Scroll            |     3 |       ||     3
       Potion            |       |     3 ||     3
Armor: Scale mail        |    47 |       ||    47
       Chain mail        |    27 |    34 ||    61
Dodge: Dodged            |    35 |    20 ||    55
Block: Buckler           |    20 |     6 ||    26
